 Dungeon Crawl Stone Soup version 0.28-a0-723-g095bd1b44f (webtiles) character file.

Game seed: 14352074997568321838

13821 timneilson the Protected (level 12, -1/73 HPs)
             Began as a Gargoyle Fighter on Oct 25, 2021.
             Was a High Priest of Okawaru.
             Slain by Snorg (9 damage)
             ... on level 11 of the Dungeon.
             The game lasted 00:25:31 (12733 turns).

timneilson the Protected (Gargoyle Fighter)        Turns: 12733, Time: 00:25:32

Health: -1/73      AC: 32    Str: 24    XL:     12   Next: 10%
Magic:  9/15       EV: 12    Int: 10    God:    Okawaru [*****.]
Gold:   581        SH: 14    Dex: 11    Spells: 11/11 levels left

rFire   . . .      SeeInvis +   a - +1 long sword (elec)
rCold   . . .      Faith    .   g - +1 kite shield
rNeg    + + .      Spirit   .   D - +3 chain mail
rPois   ∞          Reflect  .   c - +0 helmet
rElec   +          Harm     .   f - +0 cloak
rCorr   .          Rampage  .   (no gloves)
Will    .....                   n - +2 pair of boots
Stlth   ..........              C - amulet of regeneration
HPRegen 1.22/turn               j - ring of see invisible
MPRegen 0.14/turn               y - ring of positive energy

@: heroic, finesse-ful
A: sickness immunity, AC +8, negative energy resistance 1, electricity
resistance, torment resistance 1, petrification resistance, agile 1, MP-powered
wands
a: Renounce Religion, Heroism, Finesse, Duel


You were on level 11 of the Dungeon.
You worshipped Okawaru.
Okawaru was extremely pleased with you.
You visited 2 branches of the dungeon, and saw 12 of its levels.
You also visited: Sewer.

You collected 581 gold pieces.

Inventory:

Hand Weapons
 a - a +1 long sword of electrocution (weapon)
Armour
 c - a +0 helmet (worn)
 f - a +0 cloak (worn)
 g - a +1 kite shield (worn)
 n - a +2 pair of boots (worn)
 D - a +3 chain mail (worn)
Jewellery
 j - a ring of see invisible (left hand)
 y - a ring of positive energy (right hand)
 C - an amulet of regeneration (around neck)
Wands
 m - a wand of paralysis (5)
 B - a wand of iceblast (9)
 F - a wand of mindburst (6)
Scrolls
 e - a scroll of brand weapon
 h - 8 scrolls of teleportation
 l - 3 scrolls of identify
 o - a scroll of enchant weapon
 p - 2 scrolls of fear
 r - a scroll of fog
 t - a scroll of amnesia
 v - a scroll of silence
 w - a scroll of blinking
 x - 4 scrolls of magic mapping
Potions
 b - a potion of invisibility
 d - 4 potions of lignification
 i - a potion of mutation
 s - 2 potions of attraction
 u - a potion of ambrosia
 z - a potion of resistance
 A - a potion of berserk rage
 E - a potion of cancellation


   Skills:
 + Level 7.7(12.7) Fighting
 * Level 8.4(13.4) Long Blades
 * Level 10.3(15.3) Armour
 + Level 5.0(10.0) Dodging
 * Level 10.2(15.2) Shields
 + Level 5.0 Invocations
 + Level 5.2 Evocations


You had 11 spell levels left.
You didn't know any spells.
Your spell library contained the following spells:

 Spells                   Type           Power      Damage    Failure   Level
 Freeze                   Ice            0%         1d3       83%         1
 Magic Dart               Conj           0%         1d3       83%         1
 Blink                    Tloc           0%         N/A       93%         2
 Frozen Ramparts          Ice            0%         1d2       99%         3
 Gell's Gravitas          Tloc           0%         N/A       99%         3
 Lesser Beckoning         Tloc           0%         N/A       99%         3
 Mephitic Cloud           Conj/Pois/Air  0%         N/A       99%         3
 Teleport Other           Tloc           0%         N/A       99%         3
 Hailstorm                Conj/Ice       0%         3d3       100%        4
 Manifold Assault         Tloc           0%         N/A       100%        5
 Summon Small Mammal      Summ           Unusable   N/A       N/A         1
 Call Imp                 Summ           Unusable   N/A       N/A         2
 Call Canine Familiar     Summ           Unusable   N/A       N/A         3
 Summon Guardian Golem    Hex/Summ       Unusable   N/A       N/A         3

Dungeon Overview and Level Annotations

Branches:
Dungeon (11/15)            Temple (1/1) D:5             Orc (0/2) D:9
  Sewer (visited)
   Lair: D:8-11

Altars:
Ashenzari
Cheibriados
Dithmenos
Elyvilon
Fedhas
Gozag
Hepliaklqana
Kikubaaqudgha
Makhleb
Nemelex Xobeh
Okawaru
Qazlal
Ru
Sif Muna
Trog
Uskayaw
Vehumet
Wu Jian
Xom
Yredelemnul
Zin
The Shining One

Annotations:
D:7 2 transporters, exclusion: 2 oklob plants, Dvallin's ghost, novice BaSu
D:11 Snorg


Innate Abilities, Weirdness & Mutations

You are immune to sickness and miasma.
Your stone body is resilient. (AC +8)
You are immune to poison.
You resist negative energy. (rN+)
You are resistant to electric shocks. (rElec)
You are resistant to unholy torment.
You are immune to petrification.
You are agile. (Dex +2)
You expend magic power (3 MP) to strengthen your wands.


Message History

You block Snorg's attack. Snorg claws you but does no damage. x2
You slice Snorg!!
Snorg is heavily wounded.
Snorg closely misses you. You block Snorg's attack.
Snorg claws you but does no damage.
You hit Snorg. Lightning courses through Snorg!
Snorg is severely wounded.
You barely miss Snorg.
Snorg is severely wounded.
You block Snorg's attack. x2; Snorg claws you but does no damage.
You hit Snorg.
Snorg is severely wounded.
You slash Snorg!
Snorg is severely wounded.
Snorg misses you. Snorg claws you but does no damage. Snorg claws you!
* * * LOW HITPOINT WARNING * * *
You hit Snorg.
Snorg is severely wounded.
You feel better. Snorg bites you but does no damage. You block Snorg's attack.
Snorg claws you but does no damage. Snorg bites you.
* * * LOW HITPOINT WARNING * * *
Snorg barely misses you. You block Snorg's attack.
You slash Snorg!
Snorg is severely wounded.
You hit Snorg.
Snorg is almost dead.
Snorg closely misses you. You block Snorg's attack. x2
Your chain mail prevents you from hitting Snorg.
Snorg is almost dead.
You barely miss Snorg.
Snorg is almost dead.
You block Snorg's attack. x2; Snorg claws you!
* * * LOW HITPOINT WARNING * * *
You block Snorg's attack. x2; Snorg claws you but does no damage.
You block Snorg's attack. Snorg claws you.
* * * LOW HITPOINT WARNING * * *
Snorg claws you but does no damage.
Snorg rages.
You block Snorg's attack. Snorg claws you!
You die...

#.......+...............#
#.......######'#..#..####
###............)######
#.............#
#.............#
#>............#
#.............#
#..........T..#
#..........@..###
###########'###.##
.............#
.............#
.............#
.............#
.............#
.............#
.............##


You could see Snorg (berserk).

Vanquished Creatures
  Josephine (D:10)
  A two-headed ogre (D:11)
  Sonja (D:11)
  Joseph (D:7)
  Psyche (D:8)
  3 meliai
  2 trolls (D:10)
  A meliai zombie (D:10)
  3 shadows (D:9)
  Sigmund (D:3)
  5 wraiths
  3 wyverns
  13 yaks
  Eustachio (D:4)
  6 humans (D:6)
  Grum (D:11)
  A steam dragon (D:10)
  2 two-headed ogre zombies (D:9)
  A water moccasin (D:7)
  4 wargs (D:10)
  Menkaure (D:4)
  An acid dragon (D:9)
  5 orc warriors
  Duvessa (D:4)
  A hornet zombie (D:5)
  A black bear (D:5)
  Purgy (Sewer)
  A necrophage (D:5)
  An ice beast (D:5)
  2 sky beasts
  2 wolves (D:11)
  5 centaurs
  An ogre (D:6)
  2 phantoms
  A kobold brigand (D:9)
  3 bullfrogs
  A scorpion (D:5)
  Dowan (D:4)
  6 killer bees (D:9)
  4 wights (D:7)
  2 howler monkeys
  A lava snake (D:7)
  2 orc priests
  3 centaur zombies
  4 hounds
  A bullfrog skeleton (D:7)
  Jessica (D:2)
  4 iguanas
  11 orc wizards
  6 ogre zombies (D:9)
  A howler monkey zombie (D:9)
  Robin (D:2)
  7 gnolls
  2 howler monkey skeletons
  8 adders
  3 white imps
  3 adder skeletons (D:4)
  2 worms (D:4)
  2 dart slugs
  36 orcs
  6 bats
  4 endoplasms
  5 giant cockroaches
  14 goblins
  13 hobgoblins
  2 jackals (D:4)
  8 quokkas
  9 ball pythons
  4 frilled lizards
  A goblin skeleton (D:9)
  2 goblin zombies (D:9)
  2 hobgoblin zombies (D:9)
  7 kobolds
  4 orc skeletons (D:9)
  16 orc zombies (D:9)
  5 rats
295 creatures vanquished.

Vanquished Creatures (others)
  A human (D:4)
1 creature vanquished.

Grand Total: 296 creatures vanquished

Notes
Turn   | Place    | Note
-------+----------+-------------------------------------------
     0 | D:1      | timneilson the Gargoyle Fighter began the quest for the
                  | Orb.
     0 | D:1      | Reached XP level 1. HP: 14/14 MP: 1/1
   257 | D:1      | Reached XP level 2. HP: 19/19 MP: 2/2
   886 | D:1      | Found a faded altar of an unknown god.
  1065 | D:2      | Noticed Robin
  1068 | D:2      | Noticed Jessica
  1077 | D:2      | Killed Jessica
  1078 | D:2      | Reached XP level 3. HP: 15/23 MP: 3/3
  1117 | D:2      | HP: 1/23 [hobgoblin[Robin] (2)]
  1120 | D:2      | Reached XP level 4. HP: 2/28 MP: 4/4
  1121 | D:2      | Killed Robin
  1836 | D:2      | Reached skill level 1 in Dodging
  1989 | D:3      | Noticed Sigmund
  2002 | D:3      | Killed Sigmund
  2003 | D:3      | Reached XP level 5. HP: 11/33 MP: 5/5
  2003 | D:3      | Reached XP level 6. HP: 12/38 MP: 6/6
  2262 | D:3      | Gained mutation: You are agile. (Dex +2) [potion of
                  | mutation]
  2262 | D:3      | Gained mutation: You expend magic power (3 MP) to
                  | strengthen your wands. [potion of mutation]
  2734 | D:3      | Found a sacrificial altar of Ru.
  3354 | D:4      | Reached skill level 5 in Shields
  3434 | D:4      | Reached XP level 7. HP: 23/43 MP: 7/7
  3460 | D:4      | Found a glowing drain.
  3464 | Sewer    | Entered a sewer
  3598 | Sewer    | Noticed Purgy
  3606 | Sewer    | Killed Purgy
  3607 | Sewer    | Reached skill level 5 in Armour
  3768 | D:4      | Noticed Menkaure
  3773 | D:4      | Killed Menkaure
  3774 | D:4      | Reached skill level 1 in Evocations
  4206 | D:4      | Noticed Duvessa
  4206 | D:4      | Noticed Dowan
  4211 | D:4      | Killed Duvessa
  4212 | D:4      | Reached XP level 8. HP: 48/48 MP: 8/8
  4213 | D:4      | Killed Dowan
  4214 | D:4      | Found an ancient bone altar of Kikubaaqudgha.
  4369 | D:4      | Noticed Eustachio
  4417 | D:4      | Killed Eustachio
  4484 | D:4      | You fall into a shaft and drop 3 floors!
  4505 | D:7      | Noticed a yak
  4505 | D:7      | Noticed a yak
  4506 | D:7      | Noticed a yak
  4519 | D:7      | Killed a yak
  4520 | D:7      | Reached skill level 5 in Fighting
  4524 | D:7      | Killed a yak
  4528 | D:7      | Killed a yak
  4529 | D:7      | Reached skill level 5 in Long Blades
  4555 | D:7      | Reached XP level 9. HP: 24/54 MP: 9/9
  4847 | D:5      | Entered Level 5 of the Dungeon
  4859 | D:5      | Found a staircase to the Ecumenical Temple.
  4864 | Temple   | Entered the Ecumenical Temple
  4917 | Temple   | Became a worshipper of Warmaster Okawaru
  5648 | D:5      | Reached skill level 1 in Invocations
  5653 | D:5      | Found a snail-covered altar of Cheibriados.
  6585 | D:6      | Reached * piety under Okawaru
  6619 | D:6      | Reached XP level 10. HP: 51/60 MP: 11/11
  6889 | D:7      | Noticed Joseph
  6912 | D:7      | Killed Joseph
  6918 | D:7      | Found a bloodstained altar of Trog.
  6978 | D:7      | Reached ** piety under Okawaru
  7052 | D:7      | Found a transporter.
  7057 | D:7      | Noticed an oklob plant
  7057 | D:7      | Noticed a gargoyle
  7065 | D:7      | Found a transporter.
  7065 | D:7      | Noticed an oklob plant
  7076 | D:7      | Noticed a two-headed ogre
  7079 | D:7      | Noticed Dvallin's ghost (novice BaSu)
  7209 | D:7      | Found a stormy altar of Qazlal.
  8039 | D:8      | Noticed Psyche
  8051 | D:8      | Killed Psyche
  8990 | D:9      | Found a shimmering blue altar of Sif Muna.
  9019 | D:9      | Found a shadowy altar of Dithmenos.
  9069 | D:9      | Reached *** piety under Okawaru
  9286 | D:9      | Found a staircase to the Orcish Mines.
  9303 | D:9      | Reached XP level 11. HP: 66/66 MP: 13/13
  9730 | D:9      | Reached **** piety under Okawaru
 10318 | D:9      | Found a glowing silver altar of Zin.
 10549 | D:9      | Found a glowing golden altar of the Shining One.
 10643 | D:9      | Found a faded altar of an unknown god.
 10645 | D:9      | Found a hazy altar of Hepliaklqana.
 10887 | D:10     | Entered Level 10 of the Dungeon
 11438 | D:10     | Noticed Josephine
 11449 | D:10     | Killed Josephine
 11931 | D:10     | Reached skill level 10 in Armour
 11966 | D:10     | Reached skill level 5 in Evocations
 12471 | D:11     | HP: 3/67 [meliai/divine providence (9)]
 12502 | D:10     | Reached skill level 10 in Shields
 12584 | D:11     | Noticed Grum
 12594 | D:11     | Killed Grum
 12594 | D:11     | Reached ***** piety under Okawaru
 12602 | D:11     | Noticed Sonja
 12609 | D:11     | Paralysed by Sonja for 4 turns
 12617 | D:11     | Paralysed by Sonja for 3 turns
 12661 | D:11     | Killed Sonja
 12662 | D:11     | Reached skill level 5 in Dodging
 12662 | D:11     | Reached skill level 5 in Invocations
 12662 | D:11     | Reached XP level 12. HP: 69/73 MP: 15/15
 12676 | D:11     | Noticed Snorg
 12682 | D:11     | Noticed a two-headed ogre
 12708 | D:11     | Killed a two-headed ogre
 12727 | D:11     | HP: 2/73 [Snorg (11)]
 12733 | D:11     | Slain by Snorg

Illustrated notes

Levels and vault maps discovered:
D:1:      lightli_arrival_flooded_house, layout_basic,
          shapermc_ecumenical_altar_notcrosses
D:2:      layout_rooms, minmay_circle_x, uniq_robin, uniq_jessica
D:3:      minmay_wonky_spiral, layout_rooms,
          nicolae_ru_great_annihilating_truth, hangedman_abyss_or_decor_stabs,
          uniq_sigmund
D:4:      layout_loops_ring, tgw_kikubaaqudgha, gup_sewer_entry_spiral,
          uniq_menkaure, uniq_eustachio, uniq_duvessa
D:5:      layout_basic, mainiacjoe_overflow_24_doors, minmay_temple_entry_tees,
          serial_park_tiny_1
D:6:      layout_basic, serial_rivers, chequers_serial_rivers_marsh,
          chequers_serial_rivers_small_3, chequers_serial_rivers_large_b,
          chequers_serial_rivers_micro_b, chequers_serial_rivers_micro_b,
          minmay_ruffians
D:7:      layout_gridville, kennysheep_mini, nicolae_qazlal_general_emergency,
          nzn_ghost_randoct, kennysheep_cluttered_room, uniq_joseph
D:8:      layout_basic, uniq_psyche
D:9:      layout_loops_ring, mainiacjoe_overflow_six_doors_small,
          beargit_hepliaklqana_dungeon_heroes,
          mainiacjoe_overflow_surrounded_room, led_sif_pool,
          nicolae_tso_carved_into_rock, zombieorc2_lemuel, roderic_lattice_a,
          st_stairs_1
D:10:     layout_cave_pods, nooodl_orcs_dogs, uniq_josephine
D:11:     layout_gridville, due_lair_maze_entry_diamond, uniq_nergalle,
          uniq_grum, uniq_sonja, uniq_snorg
Temple:   minmay_temple_bridge_abc

Skill      XL: |  1  2  3  4  5  6  7  8  9 10 11 |
---------------+----------------------------------+-----
Long Blades    | 2 3 4 5 6 7 8 |  8.4
Armour         | 4 5 6 7 9 10 | 10.3
Shields        | 4 5 6 7 9 10 | 10.2
Dodging        | 1 2 3 4 5 |  5.0
Fighting       | 4 5 6 7 |  7.7
Evocations     | 1 2 3 4 5 |  5.2
Invocations    | 2 3 5 |  5.0

Action                   |  1- 3 |  4- 6 |  7- 9 | 10-12 || total
-------------------------+-------+-------+-------+-------++-------
Melee: Long sword        |    99 |   219 |   305 |   650 ||  1273
Invok: Heroism           |       |       |       |    12 ||    12
       Finesse           |       |       |       |     1 ||     1
  Use: Scroll            |     5 |     5 |     6 |     5 ||    21
       Potion            |     2 |     2 |     2 |     4 ||    10
Armor: Scale mail        |    69 |   146 |   136 |       ||   351
       Chain mail        |       |       |    72 |   360 ||   432
       Plate armour      |       |       |       |    35 ||    35
Dodge: Dodged            |    35 |    78 |   109 |   248 ||   470
Block: Buckler           |     8 |       |       |       ||     8
       Kite shield       |    29 |   104 |   170 |   456 ||   759

Table legend: (Time is in decaauts)
 A = Elapsed time spent in this place.
 B = Non-inter-level travel time spent in this place.
 C = Inter-level travel time spent in this place.
 D = Time resting spent in this place.
 E = Time spent auto-exploring this place.
 F = Levels seen in this place.
 G = Mean time per level.
                   A        B        C        D        E       F      G
               +--------+--------+--------+--------+--------+-----+--------+
         Total |  13087 |  12730 |    357 |    654 |   8772 |  13 | 1006.7 |
       Dungeon |  12686 |  12351 |    335 |    654 |   8468 |  11 | 1153.3 |
        Temple |    209 |    187 |     22 |      0 |    174 |   1 |  209.0 |
         Sewer |    191 |    191 |      0 |      0 |    130 |   1 |  191.0 |
               +--------+--------+--------+--------+--------+-----+--------+

Top non-repeatable levels by time:
     D:9: 1955 daAuts
    D:10: 1609 daAuts
     D:1: 1334 daAuts
     D:4: 1323 daAuts
     D:8: 1276 daAuts
     D:3: 1229 daAuts
     D:5: 1189 daAuts
     D:7: 984 daAuts
     D:6: 840 daAuts
     D:2: 714 daAuts
    D:11: 228 daAuts
  Temple: 209 daAuts
   Sewer: 191 daAuts
